 Dungeon Crawl Stone Soup version 0.22-a0-159-g7ce444f (webtiles) character file.

3504 mhoghedin the Grappler (level 10, -1/88 HPs)
             Began as a Ghoul Gladiator on Feb 9, 2018.
             Was a Priest of Dithmenos.
             Killed by divine providence
             ... invoked by an orc priest
              (10 damage)
             ... on level 8 of the Dungeon.
             The game lasted 00:11:59 (7008 turns).

mhoghedin the Grappler (Ghoul Gladiator)            Turns: 7008, Time: 00:12:00

Health: -1/88      AC: 11    Str: 23    XL:     10   Next: 7%
Magic:  0/11       EV: 14    Int:  3    God:    Dithmenos [***...]
Gold:   367        SH:  0    Dex: 11    Spells: 9/9 levels left

rFire    + . .     SeeInvis .     - Unarmed
rCold    + . .     Gourm    .   (no shield)
rNeg     + + +     Faith    .   y - +3 ring mail {MR+}
rPois    ∞         Spirit   +   b - +0 helmet
rElec    .         Reflect  .   k - +0 cloak
rCorr    .         Harm     .   (no gloves)
MR       +....                  (no boots)
Stlth    +.........             M - amulet of guardian spirit {Spirit}
HPRegen  0.00/turn              q - +2 ring of strength
MPRegen  0.12/turn              J - ring of protection from fire {rF+, !d}

@: rotting, wreathed by umbra
A: rotting body, claws 1, carnivore, cold resistance 1, negative energy
resistance 3, inhibited regeneration, torment resistance, unbreathing
a: Shadow Step, Renounce Religion


You were on level 8 of the Dungeon.
You worshipped Dithmenos.
Dithmenos was most pleased with you.
You were not hungry.

You visited 1 branch of the dungeon, and saw 8 of its levels.
You also visited: Ossuary.

You collected 367 gold pieces.

Inventory:

Hand Weapons
 a - the +2 mace "Xoxant" {elec, +Rage Int+4}
   (You found it on level 5 of the Dungeon)

   Occasionally, upon striking a foe, it will discharge some electrical energy
   and cause terrible harm.
   It affects your intelligence (+4).
   It lets you go berserk.
Missiles
 c - 5 throwing nets {=f, !d}
Armour
 b - a +0 helmet (worn)
 k - a +0 cloak (worn)
   (You took it off Crazy Yiuf on level 5 of the Dungeon)
 y - a +3 ring mail of magic resistance (worn)
   (You took it off Ijyb on level 4 of the Dungeon)
 A - a +0 pair of gloves
   (You found it on level 7 of the Dungeon)
Jewellery
 q - a +2 ring of strength (left claw)
   (You found it on level 8 of the Dungeon)
 J - a ring of protection from fire (right claw) {rF+, !d}
   (You found it on level 8 of the Dungeon)
 M - an amulet of guardian spirit (around neck) {Spirit}
   (You found it on level 8 of the Dungeon)
Wands
 v - a wand of enslavement (9)
   (You took it off Ijyb on level 4 of the Dungeon)
 L - a wand of acid (4)
   (You found it on level 8 of the Dungeon)
 N - a wand of polymorph (9)
   (You found it on level 8 of the Dungeon)
Scrolls
 e - 4 scrolls of remove curse
 f - 7 scrolls of fear {unknown}
 g - 2 scrolls of teleportation
 h - 2 scrolls of amnesia {unknown}
 i - 2 scrolls of enchant armour {unknown}
 p - 2 scrolls of immolation {unknown}
 r - 3 scrolls of identify {unknown}
 B - 2 scrolls of blinking {!r}
 D - a scroll of vulnerability {unknown}
 H - 3 scrolls of holy word {unknown}
Potions
 j - a potion of resistance
 l - 3 potions of degeneration {unknown}
 m - 2 potions of might {unknown}
 n - a potion of lignification {unknown}
 s - 2 potions of brilliance {unknown}
 t - 2 potions of flight {unknown}
 u - 4 potions of curing {unknown}
 w - a potion of invisibility
 x - 2 potions of magic {unknown}
 z - 2 potions of agility {unknown}
 C - a potion of heal wounds {unknown}
 E - a potion of mutation {unknown}
 F - 2 potions of cancellation {unknown}
 I - a potion of ambrosia {unknown}
Books
 o - a book of Necromancy
   (You found it on level 3 of the Dungeon)
Comestibles
 d - 21 rations
 G - 2 chunks of flesh {@w0}


   Skills:
 + Level 8.2 Fighting
 - Level 1.7 Throwing
 + Level 5.1 Armour
 + Level 7.1 Dodging
 + Level 8.6 Unarmed Combat
 + Level 3.0 Invocations


You had 9 spell levels left.
You didn't know any spells.

Dungeon Overview and Level Annotations

Branches:
Dungeon (8/15)             Temple (0/1) D:4            Lair (0/6) D:8

Altars:
Dithmenos
Elyvilon
Gozag
Makhleb
Nemelex Xobeh
Okawaru
Qazlal
Trog
Yredelemnul
The Shining One

Shops:
D:5 :


Innate Abilities, Weirdness & Mutations

Your body is rotting away.
You thrive on raw meat.
You are immune to poison.
You have sharp fingernails.
You are carnivorous and can eat meat at any time.
Your flesh is cold resistant. (rC+)
You are immune to negative energy. (rN+++)
You do not regenerate when monsters are visible.
You are immune to unholy pain and torment.
You can survive without breathing.


Message History

a dagger; a jackal corpse You see here a stone.
There isn't anything to butcher here.
Things that are here:
a dagger; a jackal corpse You see here a stone.
Things that are here:
a dagger; a jackal corpse You butcher the jackal corpse.
G - 3 chunks of flesh {@w0}
Things that are here:
a dagger; a jackal skeleton Eating one of 3 chunks of flesh {@w0}.
You eat one of the 3 chunks of flesh {@w0}.
This raw flesh tastes great!
You regained 10 hp, and now have 28/88 hp.
You start resting.
Your extra speed is starting to run out.
You regained 5 hp, and now have 33/88 hp.
You regained 3 mp, and now have 6/11 mp.
You start resting.
You feel yourself slow down.
Unknown command.
You start resting.
Your magical contamination has completely faded away.
Unknown command.
You start resting.
An orc warrior comes into view. It is wielding a long sword.
Unknown command.
You regained 27 hp, and now have 62/88 hp.
MP restored: 11 The orc warrior shouts!
You hear a shout!
You see here a stone.
An orc comes into view.
An orc and an orc priest come into view.
The orc priest shouts!
You scratch the orc warrior but do no damage.
Your claw misses the orc warrior.
The orc warrior hits you with a long sword!
You take 8 damage, and have 54/88 hp.
You now have 10/11 mp.
You barely miss the orc warrior. You claw the orc warrior!
The orc warrior hits you with a long sword.
The orc priest calls upon Beogh to heal the orc warrior.
The orc warrior is healed somewhat.
You are too injured to fight recklessly!
You are too injured to fight recklessly!
You are too injured to fight recklessly!
You are too injured to fight recklessly!
You are too injured to fight recklessly!
You take 4 damage, and have 50/88 hp.
You are too injured to fight recklessly!
You are too injured to fight recklessly!
You are too injured to fight recklessly!
You are too injured to fight recklessly!
You are too injured to fight recklessly!
You are too injured to fight recklessly!
You are too injured to fight recklessly!
You are too injured to fight recklessly!
You see here a stone.
Things that are here:
a dagger; a jackal skeleton The orc warrior hits you with a long sword.
You take 5 damage, and have 45/88 hp.
The orc warrior hits you with a long sword!
The orc priest looks satisfied for a moment.
You take 11 damage, and have 34/88 hp.
You now have 8/11 mp.
Aim: an orc warrior, wielding a long sword and wearing a chain mail (lightly wounded, umbra)
The bolt of acid hits the orc warrior.
The orc warrior is splashed with acid.
The bolt of acid hits the orc.
The orc is splashed with acid.
You kill the orc!
Dithmenos accepts your kill. The orc warrior closely misses you.
The orc priest mumbles some strange prayers to Beogh against you.
Beogh smites you!
You take 7 damage, and have 27/88 hp.
You now have 7/11 mp.
You barely miss the orc warrior.
The orc warrior hits you with a long sword!
* * * LOW HITPOINT WARNING * * *
You take 9 damage, and have 18/88 hp.
You now have 5/11 mp.
You claw the orc warrior!
Aim: an orc warrior, wielding a long sword and wearing a chain mail (almost dead, umbra)
The bolt of acid hits the orc warrior.
The orc warrior is splashed with acid.
The acid corrodes the orc warrior!
You kill the orc warrior!
Dithmenos accepts your kill.
Your Invocations skill increases to level 3!
The bolt of acid misses the orc.
The bolt of acid hits the orc priest.
The orc priest is splashed with acid.
The acid corrodes the orc priest!
You scratch the orc. The orc barely misses you.
You mangle the orc!!
You kill the orc!
Dithmenos accepts your kill.
The orc priest invokes the aid of Beogh against you.
Beogh smites you!
* * * LOW HITPOINT WARNING * * *
You take 9 damage, and have 9/88 hp.
You now have 2/11 mp.
The orc priest invokes the aid of Beogh against you.
Beogh smites you!
You die...

##......(.....#
#....####
#......)##.o.##
##........
##.....#####..##
##.....#>## #.....#
##..###
##........##
##....##
#....###.....#.....
#.....#
##.........#####..#
#.....# #†.......##
#.. ##....#
#o......## ###
###### #@.....##
#......# ##....##
##...# #####


You could see an orc priest.

Vanquished Creatures
  The ghost of Gorice the Thaumaturge, a novice GnWn of Cheibriados (D:8)
  Grinder (D:3)
  A spriggan (D:7)
  A wraith (Ossuary)
  A black bear (D:8)
  2 ice beasts
  An orc warrior (D:8)
  A sky beast (D:5)
  The ghost of esc the Ducker, an amateur DgAr (D:3)
  4 ogres
  A crocodile (D:8)
  A big kobold (D:8)
  2 bullfrogs
  5 wights (D:6)
  A howler monkey (D:7)
  3 crimson imps
  A quasit (D:8)
  3 hounds
  An orc priest (D:4)
  6 orc wizards
  Crazy Yiuf (D:5)
  2 iguanas
  Ijyb (D:4)
  5 worker ants
  A hound zombie (D:5)
  2 mummies
  A hound skeleton (D:4)
  12 gnolls
  7 adders
  2 oozes
  6 worms
  A dart slug (D:3)
  6 leopard geckos
  18 orcs
  2 ball pythons (D:3)
  10 bats
  7 giant cockroaches
  6 hobgoblins
  12 jackals
  12 kobolds
  8 frilled lizards
  5 gnoll skeletons (Ossuary)
  8 goblins
  A jackal skeleton (D:4)
  A jackal zombie (D:5)
  9 kobold skeletons (Ossuary)
  11 orc skeletons (Ossuary)
  An orc zombie (D:8)
  A quokka skeleton (D:5)
  A quokka zombie (D:7)
  14 rats
212 creatures vanquished.

Vanquished Creatures (others)
  3 jackals (D:6)
3 creatures vanquished.

Grand Total: 215 creatures vanquished

Notes
Turn   | Place    | Note
-------+----------+-------------------------------------------
     0 | D:1      | mhoghedin the Ghoul Gladiator began the quest for the Orb.
     0 | D:1      | Reached XP level 1. HP: 17/17 MP: 0/0
    72 | D:1      | Reached XP level 2. HP: 25/25 MP: 1/1
   131 | D:1      | Reached skill level 3 in Dodging
   131 | D:1      | Reached XP level 3. HP: 21/30 MP: 2/2
   577 | D:1      | Reached skill level 3 in Fighting
   686 | D:2      | Reached skill level 4 in Unarmed Combat
   744 | D:2      | Reached XP level 4. HP: 28/38 MP: 3/3
  1124 | D:2      | HP: 1/37 [worm (11)]
  1211 | D:2      | Reached XP level 5. HP: 33/45 MP: 4/4
  1513 | D:2      | HP: 10/45 [gnoll (5)]
  1862 | D:3      | Noticed esc's ghost (amateur DgAr)
  2353 | D:3      | Killed esc's ghost
  2353 | D:3      | Reached skill level 4 in Fighting
  2353 | D:3      | Reached skill level 4 in Dodging
  2353 | D:3      | Reached skill level 5 in Unarmed Combat
  2353 | D:3      | Reached XP level 6. HP: 47/53 MP: 5/5
  2391 | D:3      | Noticed Grinder
  2430 | D:3      | Killed Grinder
  2430 | D:3      | Reached XP level 7. HP: 54/60 MP: 6/6
  2516 | D:3      | Found a bloodstained altar of Trog.
  2516 | D:3      | Found an iron altar of Okawaru.
  2522 | D:3      | Found a shadowy altar of Dithmenos.
  2524 | D:3      | Found a faded altar of an unknown god.
  2526 | D:3      | Found a basalt altar of Yredelemnul.
  2630 | D:3      | Reached skill level 5 in Fighting
  2922 | D:3      | Became a worshipper of Dithmenos the Shadowed
  3247 | D:4      | Reached skill level 1 in Armour
  3329 | D:4      | Reached skill level 6 in Unarmed Combat
  3372 | D:4      | Found a burning altar of Makhleb.
  3470 | D:4      | Reached skill level 5 in Dodging
  3577 | D:4      | Noticed Ijyb
  3603 | D:4      | Killed Ijyb
  3727 | D:4      | Found a staircase to the Ecumenical Temple.
  3807 | D:5      | Entered Level 5 of the Dungeon
  3825 | D:5      | Found a stormy altar of Qazlal.
  3825 | D:5      | Found a sparkling altar of Nemelex Xobeh.
  3827 | D:5      | Found Vais's Book Shop.
  3830 | D:5      | Reached * piety under Dithmenos
  3837 | D:5      | Reached XP level 8. HP: 62/70 MP: 7/7
  3925 | D:5      | Reached skill level 2 in Armour
  3992 | D:5      | Reached skill level 6 in Fighting
  4269 | D:5      | Got a warped mace
  4270 | D:5      | Identified the +1 mace "Vajelewu" {freeze, rF+ rN++ MP+9} (You found it on level 5 of the Dungeon)
  4306 | D:5      | Found a runed door.
  4531 | D:5      | Noticed Crazy Yiuf
  4536 | D:5      | Killed Crazy Yiuf
  4547 | D:5      | Got an iridescent mace
  4548 | D:5      | Identified the +2 mace "Xoxant" {elec, +Rage Int+4} (You found it on level 5 of the Dungeon)
  4608 | D:6      | Reached skill level 7 in Unarmed Combat
  4614 | D:6      | Reached skill level 3 in Armour
  4702 | D:6      | Reached skill level 6 in Dodging
  4724 | D:6      | Reached ** piety under Dithmenos
  4768 | D:6      | Reached XP level 9. HP: 66/77 MP: 8/8
  4913 | D:6      | Reached skill level 7 in Fighting
  5007 | D:6      | Found a glowing golden altar of the Shining One.
  5107 | D:6      | Found a white marble altar of Elyvilon.
  5269 | D:6      | Found an opulent altar of Gozag.
  5414 | D:7      | Reached skill level 4 in Armour
  6080 | D:8      | Found a sand-covered staircase.
  6086 | Ossuary  | Entered an ossuary
  6114 | Ossuary  | Reached skill level 8 in Unarmed Combat
  6400 | Ossuary  | Reached *** piety under Dithmenos
  6413 | D:8      | Found a staircase to the Lair.
  6430 | D:8      | Reached skill level 1 in Invocations
  6746 | D:8      | Noticed Gorice's ghost (novice GnWn)
  6809 | D:8      | HP: 20/80 [Gorice's ghost (1)]
  6813 | D:8      | Killed Gorice's ghost
  6813 | D:8      | Reached skill level 8 in Fighting
  6813 | D:8      | Reached skill level 5 in Armour
  6813 | D:8      | Reached skill level 7 in Dodging
  6813 | D:8      | Reached skill level 2 in Invocations
  6813 | D:8      | Reached XP level 10. HP: 16/88 MP: 2/11
  7003 | D:8      | HP: 18/88 [orc warrior/long sword (9)]
  7005 | D:8      | Reached skill level 3 in Invocations
  7008 | D:8      | Killed from afar by an orc priest

Vault maps used:
D:1:      dpeg_arrival_court, serial_park_tiny_1
D:3:      chequers_temple_overflow_minitemple, kennysheep_potato, uniq_grinder
D:4:      minmay_temple_entry_poolview, first_ration,
          makhleb_blood_cavern_becter, uniq_ijyb
D:5:      grunt_temple_overflow_open, serial_shops, shop, minivault_24,
          uniq_crazy_yiuf_cottage
D:6:      elyvilon_altar_4, lemuel_doored_altar, kennysheep_mini
D:7:      the_bakery, minmay_misc_feat_hallway
D:8:      lair_entry_dummy, nicolae_ossuary_entry_giza
Ossuary:  ossuary_due_mausoleum

Skill      XL: |  1  2  3  4  5  6  7  8  9 10 |
---------------+-------------------------------+-----
Dodging        | 3 4 5 6 7 |  7.1
Fighting       | 3 4 5 6 8 |  8.2
Unarmed Combat | 4 5 6 7 8 |  8.6
Armour         | 1 3 5 |  5.1
Invocations    | 2 3 |  3.0
Throwing       | |  1.7

Action                   |  1- 3 |  4- 6 |  7- 9 | 10-12 || total
-------------------------+-------+-------+-------+-------++-------
Melee: Unarmed           |    78 |   151 |   515 |     8 ||   752
       Punch             |     1 |     5 |    22 |       ||    28
Evoke: Wand              |       |     5 |       |     2 ||     7
  Use: Potion            |       |     3 |     2 |       ||     5
       Scroll            |       |       |     6 |       ||     6
 Stab: Invisible         |       |       |     6 |       ||     6
  Eat: Chunk             |       |     7 |    16 |     1 ||    24
       Ration            |       |       |     1 |       ||     1
Armor: Leather armour    |    14 |    52 |     4 |       ||    70
       Chain mail        |       |       |    31 |       ||    31
       Ring mail         |       |       |   129 |       ||   129
Dodge: Dodged            |    41 |   115 |   393 |     2 ||   551

Table legend:
 A = Spawn XP
 B = Non-spawn XP
 C = Spawn XP percentage of total XP
 D = Spawn monster count
 E = Non-spawn monster count
 F = Spawn count percentage of total count
 G = Total turns spent on level
                    A         B        C        D         E        F      G
               +---------+---------+-------+---------+---------+-------+---------
         Total |       0 |    5006 |   0.0 |       0 |     212 |   0.0 |  7008
               +---------+---------+-------+---------+---------+-------+---------
           D:1 |       0 |      56 |   0.0 |       0 |      24 |   0.0 |   625
           D:2 |       0 |     172 |   0.0 |       0 |      39 |   0.0 |  1560
           D:3 |       0 |     453 |   0.0 |       0 |      25 |   0.0 |   878
           D:4 |       0 |     453 |   0.0 |       0 |      23 |   0.0 |   744
           D:5 |       0 |     765 |   0.0 |       0 |      25 |   0.0 |   778
           D:6 |       0 |     926 |   0.0 |       0 |      24 |   0.0 |   754
           D:7 |       0 |     270 |   0.0 |       0 |       4 |   0.0 |   663
           D:8 |       0 |    1668 |   0.0 |       0 |      21 |   0.0 |   683
       Ossuary |       0 |     243 |   0.0 |       0 |      27 |   0.0 |   323
               +---------+---------+-------+---------+---------+-------+---------

Vault maps used:
D:1:      dpeg_arrival_court, serial_park_tiny_1
D:3:      chequers_temple_overflow_minitemple, kennysheep_potato, uniq_grinder
D:4:      minmay_temple_entry_poolview, first_ration,
          makhleb_blood_cavern_becter, uniq_ijyb
D:5:      grunt_temple_overflow_open, serial_shops, shop, minivault_24,
          uniq_crazy_yiuf_cottage
D:6:      elyvilon_altar_4, lemuel_doored_altar, kennysheep_mini
D:7:      the_bakery, minmay_misc_feat_hallway
D:8:      lair_entry_dummy, nicolae_ossuary_entry_giza
Ossuary:  ossuary_due_mausoleum

Table legend:
 A = Turns spent in this place as a percentage of turns spent in the entire game.
 B = Non-inter-level travel turns spent in this place as a percentage of non-inter-level travel turns spent in the entire game.
 C = Inter-level travel turns spent in this place as a percentage of turns spent in this place.
 D = Turns resting spent in this place as a percentage of non-inter-level travel turns spent in this place.
 E = Turns spent auto-exploring this place as a percentage of non-inter-level travel turns spent in this place.
 F = Non-inter-level travel turns spent in this place divided by the number of levels of this place that you've seen.
                   A       B       C       D       E      F
               +-------+-------+-------+-------+-------+----------------------
         Total | 100.0 | 100.0 |   5.1 |  17.4 |  58.7 | 739.0
       Dungeon |  95.4 |  95.1 |   5.3 |  16.5 |  60.2 | 791.0
       Ossuary |   4.6 |   4.9 |   0.0 |  33.1 |  28.2 | 323.0
               +-------+-------+-------+-------+-------+----------------------

Table legend:
 A = Kills in this place as a percentage of kills in entire the game.
 B = Kills by you in this place as a percentage of kills by you in the entire game.
 C = Kills by friends in this place as a percentage of kills by friends in the entire game.
 D = Other kills in this place as a percentage of other kills in the entire game.
 E = Experience gained in this place as a percentage of experience gained in the entire game.
 F = Experience gained in this place divided by the number of levels of this place that you have seen.
                   A       B       C       D       E      F
               +-------+-------+-------+-------+-------+----------------------
         Total | 100.0 | 100.0 |   N/A |   N/A | 100.0 | 556.2
       Dungeon |  87.3 |  87.3 |   N/A |   N/A |  95.1 | 595.4
       Ossuary |  12.7 |  12.7 |   N/A |   N/A |   4.9 | 243.0
               +-------+-------+-------+-------+-------+----------------------
